 Dungeon Crawl Stone Soup version 0.31-a0-960-g0fca184906 (webtiles) character file.

Game seed: 17109819114239461516

5165 IndexError the Grappler (level 10, -4/98 HPs)
             Began as a Troll Shapeshifter on Oct 23, 2023.
             Was an Elder of Okawaru.
             Slain by a troll (7 damage)
             ... on level 9 of the Dungeon.
             The game lasted 00:11:59 (7098 turns).

IndexError the Grappler (Troll Shapeshifter)        Turns: 7098, Time: 00:11:59

Health: -4/98      AC:  6    Str: 24    XL:     10   Next: 34%
Magic:  9/9        EV:  9    Int: 10    God:    Okawaru [****..]
Gold:   512        SH:  0    Dex:  9    Spells: 9/9 levels left

rFire   . . .        n - +8 trident of the Octopus King {venom, rElec rPois}
rCold   + . .        I - orb {light}
rNeg    + . .        M - +2 robe {rC+}
rPois   +            (helmet currently unavailable)
rElec   +            (cloak currently unavailable)
rCorr   +            (gloves unavailable)
SInv    .            (boots unavailable)
Will    .....        D - amulet of regeneration {+regen, !d}
Stlth   +            h - ring of positive energy {rN+}
HPRegen 1.96/turn    m - ring of resist corrosion
MPRegen 0.11/turn

%: no passive effects
@: beast-form, glowing
A: beast (slay +4), large, unfitting armour, claws 3, regeneration 1, shaggy fur
1, tough skin 1
a: Begin Untransformation, Renounce Religion, Heroism, Finesse


You were on level 9 of the Dungeon.
You worshipped Okawaru.
Okawaru was greatly pleased with you.
You were a hulking beast.
You visited 2 branches of the dungeon, and saw 10 of its levels.

You collected 512 gold pieces.

Inventory:

Hand Weapons
 n - the +8 trident of the Octopus King (weapon) {venom, rElec rPois}
   (You found it on level 3 of the Dungeon)

   rElec:     It insulates you from electricity.
   rPois:     It protects you from poison
Missiles
 G - 5 poisoned darts
Armour
 I - an orb of light (worn)
   (You found it on level 8 of the Dungeon)
 M - a +2 robe of cold resistance (worn)
   (You took it off an orc wizard on level 6 of the Dungeon)
Magical Staves
 x - a staff of death {rN+}
   (You found it on level 4 of the Dungeon)
Jewellery
 h - a ring of positive energy (left claw) {rN+}
   (You found it on level 2 of the Dungeon)
 m - a ring of resist corrosion (right claw)
   (You found it on level 2 of the Dungeon)
 D - an amulet of regeneration (around neck) {+regen, !d}
   (You took it off a gnoll on level 5 of the Dungeon)
Talismans
 c - a beast talisman
 d - a flux talisman
 J - a blade talisman
   (You found it on level 8 of the Dungeon)
Wands
 u - a wand of charming (8)
   (You took it off Ijyb on level 3 of the Dungeon)
 v - a wand of flame (41)
   (You found it on level 4 of the Dungeon)
 K - a wand of mindburst (15)
   (You found it on level 8 of the Dungeon)
Scrolls
 a - a scroll of brand weapon {unknown}
 g - 3 scrolls of teleportation {unknown}
 i - a scroll of poison {unknown}
 l - a scroll of blinking {unknown}
 o - a scroll of revelation {unknown}
 p - a scroll of immolation {unknown}
 q - a scroll of vulnerability {unknown}
 s - 3 scrolls of identify {unknown}
 t - a scroll of fear {unknown}
 w - a scroll of enchant armour {unknown}
 y - a scroll of butterflies {unknown}
 B - 2 scrolls of noise {unknown}
 C - 5 scrolls of amnesia {unknown}
 H - 3 scrolls of fog {unknown}
 L - a scroll of silence {unknown}
Potions
 b - 2 potions of lignification {!q}
 e - 4 potions of curing {unknown}
 f - 2 potions of haste {unknown}
 j - a potion of brilliance {unknown}
 k - 3 potions of enlightenment {unknown}
 r - 3 potions of invisibility {unknown}
 z - a potion of magic {unknown}
 A - a potion of might {unknown}
 E - a potion of resistance {unknown}
 F - a potion of degeneration {unknown}


   Skills:
 + Level 5.8 Fighting
 - Level 1.5 Dodging
 - Level 10.0 Unarmed Combat
 * Level 9.7 Shapeshifting


You had 9 spell levels left.
You didn't know any spells.
Your spell library contained the following spells:

 Spells                   Type           Power      Damage    Failure   Level
 Apportation              Tloc           0%         N/A       36%         1
 Necrotise                Necr           0%         1d4       36%         1
 Blink                    Tloc           0%         N/A       50%         2
 Lesser Beckoning         Tloc           0%         N/A       50%         2
 Momentum Strike          Conj/Tloc      0%         3d8       50%         2
 Hailstorm                Conj/Ice       0%         3d3       75%         3
 Sigil of Binding         Hex            0%         N/A       75%         3
 Dimensional Bullseye     Hex/Tloc       0%         N/A       98%         4
 Leda's Liquefaction      Hex/Erth       0%         N/A       98%         4
 Summon Small Mammal      Summ           Unusable   N/A       N/A         1
 Call Canine Familiar     Summ           Unusable   N/A       N/A         3
 Summon Ice Beast         Ice/Summ       Unusable   N/A       N/A         4
 Simulacrum               Ice/Necr       Unusable   N/A       N/A         6

Dungeon Overview and Level Annotations

Branches:
Dungeon (9/15)             Temple (1/1) D:6
   Lair: D:8-11         Orc: D:9-12

Altars:
Cheibriados
Dithmenos
Fedhas
Gozag
Hepliaklqana
Kikubaaqudgha
Makhleb
Nemelex Xobeh
Okawaru
Qazlal
Ru
Sif Muna
Trog
Uskayaw
Vehumet
Wu Jian
Xom
Yredelemnul
Zin
The Shining One
Lugonu

Shops:
D:5 :


Innate Abilities, Weirdness & Mutations

You are a hulking beast.
Your limbs bulge with bestial killing power. (Slay +4)
You are too large for most types of armour.
You have claws for hands.
Your natural rate of healing is unusually fast.
You are covered in fur. (AC +1)
You have tough skin. (AC +1)


Message History

The yak barely misses you.
The acid dragon roars!
You puncture the yak!
The yak looks as sick as possible!
The centaur zaps a wand.
The roots erupt in riotous growth!
The yak is unaffected.
The grasping roots grab you!
The centaur is unaffected.
The grasping roots constrict you. The yak barely misses you.
The grasping roots constrict you.
You hear two shouts!
You hear a shout!
You take 6 damage, and have 92/98 hp.
You puncture the yak! Okawaru accepts your kill.
You can now speed up your combat.
The centaur unwields a +0 shortbow.
The centaur hits you but does no damage.
The centaur kicks you but does no damage.
The grasping roots constrict you. The acid dragon spits acid at you.
The splash of acid hits you. You resist.
You take 6 damage, and have 86/98 hp.
You escape the roots grasp.
The centaur zaps a wand.
The roots erupt in riotous growth!
The grasping roots grab you! The grasping roots constrict you.
The centaur wields a +0 shortbow.
The centaur shoots an arrow.
The arrow closely misses you. The grasping roots constrict you.
You take 1 damage, and have 85/98 hp.
You escape the roots grasp.
The centaur unwields a +0 shortbow.
The centaur hits you but does no damage.
The centaur closely misses you. The acid dragon spits acid at you.
The splash of acid hits you! You resist.
You take 13 damage, and have 72/98 hp.
The centaur wields a +0 shortbow.
The centaur shoots an arrow.
The arrow hits you.
You take 4 damage, and have 68/98 hp.
The centaur shoots an arrow.
The arrow hits you!
The centaur shoots an arrow.
The arrow hits you.
You take 12 damage, and have 56/98 hp.
The yak attacks as it pursues you! The yak gores you!
You take 7 damage, and have 49/98 hp.
The centaur shoots an arrow.
The arrow closely misses you.
The centaur shoots an arrow.
The arrow barely misses you.
You regained 2 hp, and now have 51/98 hp.
The centaur shoots an arrow.
The arrow hits you.
You take 1 damage, and have 50/98 hp.
The centaur zaps a wand.
The roots erupt in riotous growth!
The grasping roots grab you!
The yak is unaffected.
The grasping roots constrict you. x2
You escape the roots grasp.
You take 2 damage, and have 48/98 hp.
The acid dragon spits acid at you. The splash of acid hits you! You resist.
The acid corrodes you!
You take 10 damage, and have 38/98 hp.
You regained 2 hp, and now have 40/98 hp.
The centaur shoots an arrow.
The arrow hits you.
You regained 2 hp, and now have 43/98 hp.
You regained 2 hp, and now have 45/98 hp.
You regained 2 hp, and now have 47/98 hp.
You regained 2 hp, and now have 49/98 hp.
You regained 2 hp, and now have 52/98 hp.
You regained 2 hp, and now have 54/98 hp.
You regained 2 hp, and now have 56/98 hp.
You regained 2 hp, and now have 58/98 hp.
You regained 2 hp, and now have 60/98 hp.
You regained 2 hp, and now have 62/98 hp.
You regained 2 hp, and now have 64/98 hp.
You are no longer corroded.
You regained 2 hp, and now have 66/98 hp.
You regained 2 hp, and now have 68/98 hp.
You regained 2 hp, and now have 70/98 hp.
You regained 2 hp, and now have 72/98 hp.
You regained 2 hp, and now have 74/98 hp.
You regained 2 hp, and now have 76/98 hp.
You regained 2 hp, and now have 78/98 hp.
You regained 2 hp, and now have 80/98 hp.
You regained 2 hp, and now have 82/98 hp.
You puncture the yak!
The yak is poisoned.
The yak gores you!
You take 9 damage, and have 73/98 hp.
You puncture the yak!
The yak looks as sick as possible!
The yak misses you.
You regained 3 hp, and now have 76/98 hp.
You puncture the yak! Okawaru accepts your kill.
The troll bites you but does no damage. The troll claws you. x2
You hit the troll.
The troll is poisoned.
The troll closely misses you. The troll claws you! x2
You take 20 damage, and have 56/98 hp.
MASSIVE DAMAGE!!
You barely miss the troll. The troll bites you!
The troll claws you but does no damage. The troll claws you.
You take 14 damage, and have 42/98 hp.
You impale the troll!!
The troll looks as sick as possible!
The troll bites you!
* * * LOW HITPOINT WARNING * * *
The troll claws you.
* * * LOW HITPOINT WARNING * * *
The troll claws you.
* * * LOW HITPOINT WARNING * * *
The troll bites you!
* * * LOW HITPOINT WARNING * * *
The troll claws you but does no damage. The troll claws you!
You die...

#..# #..# #..#
#..######## #
#..........
#.######### #.#
#.# #h# #T# #D#
#O#
#c################
#...T.D...........
##################


You could see a two-headed ogre, a troll (extremely poisoned), an acid dragon
and a centaur.

Vanquished Creatures
  A two-headed ogre (D:8)
  Maggie (D:8)
  Prince Ribbit (D:6)
  Sigmund (D:5)
  A shadow (D:7)
  A wraith (D:9)
  8 yaks
  A water moccasin (D:7)
  3 black bears
  2 ice beasts (D:5)
  A sky beast (D:7)
  A centaur (D:7)
  2 phantoms (D:5)
  A kobold brigand (D:7)
  Blork the orc (D:6)
  2 bullfrogs
  A gnoll sergeant (D:5)
  A scorpion (D:5)
  6 killer bees
  A howler monkey (D:5)
  2 jellies (D:5)
  A gnoll bouda (D:6)
  2 orc priests
  4 hounds
  A sleepcap (D:5)
  Jessica (D:3)
  2 iguanas
  Ijyb (D:3)
  10 orc wizards
  5 adders
  15 gnolls
  2 shadow imps
  A white imp (D:8)
  2 adder skeletons (D:2)
  3 worms
  3 dart slugs
  23 orcs
  7 ball pythons
  A bat skeleton (D:2)
  4 endoplasms
  3 giant cockroaches
  5 goblins
  9 hobgoblins
  4 jackals (D:3)
  16 kobolds
  5 quokkas
  3 bats
  5 frilled lizards
  2 quokka skeletons (D:2)
  5 rats
  A spectral orc (D:4)
185 creatures vanquished.

Notes
Turn   | Place    | Note
-------+----------+-------------------------------------------
     0 | D:1      | IndexError the Troll Shapeshifter began the quest for the
                  | Orb.
     0 | D:1      | Reached XP level 1. HP: 18/18 MP: 0/0
   260 | D:1      | Reached skill level 1 in Fighting
   263 | D:1      | Reached XP level 2. HP: 24/27 MP: 1/1
  1117 | D:2      | Reached XP level 3. HP: 32/33 MP: 2/2
  1615 | D:3      | Reached XP level 4. HP: 41/41 MP: 3/3
  1625 | D:3      | Reached skill level 4 in Unarmed Combat
  1679 | D:3      | Found the +8 trident of the Octopus King {venom, rElec
                  | rPois}
  2059 | D:3      | Noticed Jessica
  2063 | D:3      | Killed Jessica
  2064 | D:3      | Reached skill level 4 in Shapeshifting
  2064 | D:3      | Reached XP level 5. HP: 45/49 MP: 4/4
  2201 | D:3      | Noticed Ijyb
  2210 | D:3      | Killed Ijyb
  2357 | D:4      | Reached skill level 2 in Fighting
  2531 | D:4      | Reached XP level 6. HP: 57/57 MP: 5/5
  2667 | D:4      | Reached skill level 5 in Unarmed Combat
  3100 | D:4      | Found a basalt altar of Yredelemnul.
  3130 | D:5      | Identified the "Jitabov"
  3130 | D:5      | Entered Level 5 of the Dungeon
  3254 | D:5      | Reached skill level 5 in Shapeshifting
  3303 | D:5      | Found Zenkuagu's Book Shop.
  3323 | D:5      | Reached XP level 7. HP: 58/66 MP: 6/6
  3365 | D:5      | Reached skill level 3 in Fighting
  3409 | D:5      | Reached skill level 6 in Unarmed Combat
  3562 | D:5      | Found a sacrificial altar of Ru.
  3644 | D:5      | Noticed Sigmund
  3650 | D:5      | Killed Sigmund
  3651 | D:5      | Reached skill level 6 in Shapeshifting
  3651 | D:5      | Reached XP level 8. HP: 59/75 MP: 7/7
  3669 | D:5      | You fall into a shaft and drop 2 floors!
  3768 | D:5      | Found a shimmering blue altar of Sif Muna.
  3798 | D:5      | Reached skill level 7 in Unarmed Combat
  4164 | D:6      | Found a staircase to the Ecumenical Temple.
  4204 | Temple   | Entered the Ecumenical Temple
  4217 | Temple   | Became a worshipper of Warmaster Okawaru
  4388 | D:6      | Reached skill level 4 in Fighting
  4410 | D:6      | Reached skill level 7 in Shapeshifting
  4454 | D:6      | Noticed Prince Ribbit
  4480 | D:6      | Found a hazy altar of Hepliaklqana.
  4584 | D:6      | Found a hide-covered altar of Uskayaw.
  4620 | D:6      | Noticed Blork the orc
  4626 | D:6      | Killed Blork the orc
  4731 | D:6      | Killed Prince Ribbit
  4731 | D:6      | Reached * piety under Okawaru
  4732 | D:6      | Reached skill level 8 in Unarmed Combat
  4732 | D:6      | Reached XP level 9. HP: 78/85 MP: 8/8
  4749 | D:6      | Found a radiant altar of Vehumet.
  5326 | D:7      | Reached skill level 8 in Shapeshifting
  5631 | D:7      | Found an ancient bone altar of Kikubaaqudgha.
  5631 | D:7      | Found a sparkling altar of Nemelex Xobeh.
  6280 | D:8      | Reached skill level 9 in Unarmed Combat
  6281 | D:8      | Reached ** piety under Okawaru
  6353 | D:8      | Reached skill level 5 in Fighting
  6427 | D:8      | Found a glowing silver altar of Zin.
  6464 | D:8      | Noticed a two-headed ogre
  6469 | D:8      | HP: 20/88 [two-headed ogre/+0 giant spiked club (20)]
  6470 | D:8      | Killed a two-headed ogre
  6562 | D:8      | Found a glowing golden altar of the Shining One.
  6564 | D:8      | Found an ornate altar of the Wu Jian Council.
  6567 | D:8      | Found an opulent altar of Gozag.
  6581 | D:8      | Noticed Maggie
  6585 | D:8      | Killed Maggie
  6585 | D:8      | Reached *** piety under Okawaru
  6798 | D:9      | Noticed a troll
  6800 | D:9      | Noticed a two-headed ogre
  6801 | D:9      | Noticed a two-headed ogre
  6809 | D:8      | Reached skill level 9 in Shapeshifting
  6809 | D:8      | Reached XP level 10. HP: 52/96 MP: 9/9
  6848 | D:9      | Noticed a manticore
  6897 | D:9      | Noticed a two-headed ogre
  6905 | D:8      | Reached skill level 10 in Unarmed Combat
  6908 | D:8      | HP: 16/96 [yak (12)]
  7059 | D:9      | Reached **** piety under Okawaru
  7098 | D:9      | HP: 22/98 [troll (6)]
  7098 | D:9      | HP: 3/98 [troll (14)]
  7098 | D:9      | Slain by a troll

Illustrated notes

Levels and vault maps discovered:
D:1:      onia_arrival_pentagram, layout_basic, st_stairs_12
D:2:      layout_basic, serial_undead, serial_undead_a, serial_undead_b,
          serial_undead_b, serial_undead_a
D:3:      layout_basic, minmay_misc_feat_diagonals, kennysheep_small_spiral,
          minivault_24, kennysheep_jessica_study, uniq_jessica, uniq_ijyb
D:4:      layout_loops_ring, yredelemnul_forgotten_temple_becter, st_stairs_1,
          nicolae_houndstooth_variations
D:5:      layout_basic, led_sif_book, lemuel_coloured_pillars_altar,
          serial_shops, shop, uniq_sigmund
D:6:      layout_cave_pools, lemuel_round_altar, nicolae_uskayaw_suspiria,
          mainiacjoe_overflow_alcove_1, minmay_temple_entry_tees,
          uniq_blork_the_orc, uniq_prince_ribbit1
D:7:      layout_basic, nicolae_overflow_two_pavilions
D:8:      layout_cave_pools, mainiacjoe_overflow_chevrons,
          grunt_temple_overflow_diamond, uniq_maggie
D:9:      cheibrodos_ideogram_h, layout_long_grid, hangedman_minor_gate_pass
Temple:   corrupted_temple

Skill      XL: |  1  2  3  4  5  6  7  8  9 10 |
---------------+-------------------------------+-----
Fighting       | 1 2 3 4 5 |  5.8
Unarmed Combat | 4 5 6 8 9 10 | 10.0
Shapeshifting  | 4 5 6 7 9 |  9.7
Dodging        | |  1.5

Action                     |  1- 3 |  4- 6 |  7- 9 | 10-12 || total
---------------------------+-------+-------+-------+-------++-------
  Melee: Unarmed           |    82 |    23 |       |       ||   105
         Punch             |     1 |     1 |     3 |       ||     5
         Trident           |       |    95 |   205 |    35 ||   335
   Stab: Sleeping          |     1 |     4 |       |       ||     5
 Armour: Animal skin       |    34 |    60 |   189 |       ||   283
         Robe              |       |       |    40 |    59 ||    99
  Dodge: Dodged            |    36 |    41 |    77 |    25 ||   179

Table legend: (Time is in decaauts)
 A = Elapsed time spent in this place.
 B = Non-inter-level travel time spent in this place.
 C = Inter-level travel time spent in this place.
 D = Time resting spent in this place.
 E = Time spent auto-exploring this place.
 F = Levels seen in this place.
 G = Mean time per level.
                   A        B        C        D        E       F      G
               +--------+--------+--------+--------+--------+-----+--------+
         Total |   7215 |   6323 |    892 |     15 |   5043 |  10 |  721.5 |
       Dungeon |   7188 |   6320 |    868 |     15 |   5043 |   9 |  798.7 |
        Temple |     26 |      2 |     24 |      0 |      0 |   1 |   26.0 |
               +--------+--------+--------+--------+--------+-----+--------+

Top non-repeatable levels by time:
     D:7: 1145 daAuts
     D:5: 1021 daAuts
     D:1: 1005 daAuts
     D:4: 881 daAuts
     D:8: 836 daAuts
     D:6: 808 daAuts
     D:3: 691 daAuts
     D:2: 640 daAuts
     D:9: 158 daAuts
  Temple: 26 daAuts

Levels and vault maps discovered:
D:1:      onia_arrival_pentagram, layout_basic, st_stairs_12
D:2:      layout_basic, serial_undead, serial_undead_a, serial_undead_b,
          serial_undead_b, serial_undead_a
D:3:      layout_basic, minmay_misc_feat_diagonals, kennysheep_small_spiral,
          minivault_24, kennysheep_jessica_study, uniq_jessica, uniq_ijyb
D:4:      layout_loops_ring, yredelemnul_forgotten_temple_becter, st_stairs_1,
          nicolae_houndstooth_variations
D:5:      layout_basic, led_sif_book, lemuel_coloured_pillars_altar,
          serial_shops, shop, uniq_sigmund
D:6:      layout_cave_pools, lemuel_round_altar, nicolae_uskayaw_suspiria,
          mainiacjoe_overflow_alcove_1, minmay_temple_entry_tees,
          uniq_blork_the_orc, uniq_prince_ribbit1
D:7:      layout_basic, nicolae_overflow_two_pavilions
D:8:      layout_cave_pools, mainiacjoe_overflow_chevrons,
          grunt_temple_overflow_diamond, uniq_maggie
D:9:      cheibrodos_ideogram_h, layout_long_grid, hangedman_minor_gate_pass
Temple:   corrupted_temple

Table legend: (Time is in decaauts)
 A = Elapsed time spent in this place.
 B = Non-inter-level travel time spent in this place.
 C = Inter-level travel time spent in this place.
 D = Time resting spent in this place.
 E = Time spent auto-exploring this place.
 F = Levels seen in this place.
 G = Mean time per level.
                   A        B        C        D        E       F      G
               +--------+--------+--------+--------+--------+-----+--------+
         Total |   7215 |   6323 |    892 |     15 |   5043 |  10 |  721.5 |
       Dungeon |   7188 |   6320 |    868 |     15 |   5043 |   9 |  798.7 |
        Temple |     26 |      2 |     24 |      0 |      0 |   1 |   26.0 |
               +--------+--------+--------+--------+--------+-----+--------+

Top non-repeatable levels by time:
     D:7: 1145 daAuts
     D:5: 1021 daAuts
     D:1: 1005 daAuts
     D:4: 881 daAuts
     D:8: 836 daAuts
     D:6: 808 daAuts
     D:3: 691 daAuts
     D:2: 640 daAuts
     D:9: 158 daAuts
  Temple: 26 daAuts

Table legend:
 A = Kills in this place as a percentage of kills in the entire game.
 B = Kills by you in this place as a percentage of kills by you in the entire game.
 C = Kills by friends in this place as a percentage of kills by friends in the entire game.
 D = Other kills in this place as a percentage of other kills in the entire game.
 E = Experience gained in this place as a percentage of experience gained in the entire game.
 F = Experience gained in this place divided by the number of levels of this place that you have seen.
                   A       B       C       D       E      F
               +-------+-------+-------+-------+-------+----------------------
         Total | 100.0 | 100.0 |   N/A |   N/A | 100.0 | 737.9
       Dungeon | 100.0 | 100.0 |   N/A |   N/A | 100.0 | 819.9
               +-------+-------+-------+-------+-------+----------------------
